 Dungeon Crawl Stone Soup version 0.29.1-15-g9cfb28693d (webtiles) character file.

Game seed: 13915768429791705914

4 Calibrex the Trooper (level 1, 0/18 HPs)
             Began as a Demonspawn Abyssal Knight on Mar 25, 2023.
             Was a Believer of Lugonu.
             Slain by a goblin
             ... wielding a +0 club
              (4 damage)
             ... on level 1 of the Dungeon.
             The game lasted 00:01:29 (286 turns).

Calibrex the Trooper (Demonspawn Abyssal Knight)     Turns: 286, Time: 00:01:30

Health: 0/18       AC:  3    Str: 13    XL:     1   Next: 58%
Magic:  0/2        EV: 11    Int: 11    God:    Lugonu [**....]
Gold:   0          SH:  0    Dex: 13    Spells: 0/0 levels left

rFire   . . .      SeeInvis .   a - +1 falchion
rCold   . . .      Faith    .   (no shield)
rNeg    . . .      Spirit   .   b - +0 leather armour
rPois   .          Reflect  .   (no helmet)
rElec   .          Harm     .   (no cloak)
rCorr   .          Rampage  .   (no gloves)
Will    .....                   (no boots)
Stlth   +.........              (no amulet)
HPRegen 0.06/turn               (no ring)
MPRegen 0.08/turn               (no ring)

@: no status effects
A: no striking features
a: Renounce Religion, Depart the Abyss, Bend Space


You were on level 1 of the Dungeon.
You worshipped Lugonu.
Lugonu was pleased with you.
You visited 1 branch of the dungeon, and saw 1 of its levels.
You visited the Abyss 1 time.

Inventory:

Hand Weapons
 a - a +1 falchion (weapon)
Armour
 b - a +0 leather armour (worn)
Potions
 c - a potion of curing {unknown}


   Skills:
 + Level 3.0 Fighting
 + Level 1.9 Long Blades
 + Level 1.9 Armour
 - Level 0.8 Dodging
 + Level 2.6 Invocations


You couldn't memorise any spells.
You didn't know any spells.
Your spell library was empty.

Dungeon Overview and Level Annotations

Branches:
Dungeon (1/15)

Altars:


Message History

The goblin shouts!
Found a fuming brown potion.
Found a book of Air.
The goblin hits you with a +0 club.
You closely miss the goblin. The goblin hits you but does no damage.
You barely miss the goblin. The goblin hits you with a +0 club.
You hit the goblin.
You kill the goblin!
Lugonu accepts your kill.
c - a fuming brown potion A goblin comes into view.
It is wielding a +0 club.
The goblin shouts!
The goblin moves out of view.
The goblin barely misses you.
A dart slug comes into view.
You closely miss the goblin. The goblin closely misses you. x2
You closely miss the goblin. The goblin hits you but does no damage.
You barely miss the goblin. The goblin hits you with a +0 club.
Activating: Bend Space (6% risk of failure)
Press: ? - help, Q - select action, (/) - cycle Dir - look around, f - activate Space bends violently around you!
You blink.
The dart slug launches a dart at you. The slug dart misses you.
An endoplasm comes into view.
The goblin barely misses you. The dart slug launches a dart at you.
The slug dart hits you.
You barely miss the goblin. The goblin hits you with a +0 club.
You closely miss the goblin. The goblin hits you with a +0 club.
The dart slug misses you.
Activating: Bend Space (6% risk of failure)
Press: ? - help, Q - select action, (/) - cycle Dir - look around, f - activate Space bends violently around you!
You blink.
You are too injured to fight recklessly!
The goblin hits you but does no damage.
You closely miss the goblin. The goblin barely misses you.
The dart slug launches a dart at you. The slug dart hits you.
* * * LOW HITPOINT WARNING * * *
The goblin hits you with a +0 club.
You die...

#....# #.#.###.#
#######....######.#.# .#
..................#.###.#..
####'#.....................
♣#.#.##.....#######.###.###
.....##.....# #.#
..♣..##.....# #####.#
.♣♣#~##.....# #..J..#####
.♣P#≈##...#.# #.@g.......
..>#≈##...#.# #..w..##...
.♣P#≈# ...# . #.....# .♣ #
####### ..♣ .... ♣#.# ##


You could see a dart slug, an endoplasm and a goblin.

Vanquished Creatures
  An endoplasm (D:1)
  A goblin (D:1)
  A ball python (D:1)
  2 frilled lizards (D:1)
5 creatures vanquished.

Notes
Turn   | Place    | Note
-------+----------+-------------------------------------------
     0 | Abyss:1  | Calibrex the Demonspawn Abyssal Knight began the quest for
                  | the Orb.
     0 | Abyss:1  | Reached XP level 1. HP: 18/18 MP: 2/2
     7 | D:1      | Escaped the Abyss
   286 | D:1      | Slain by a goblin

Illustrated notes

Levels and vault maps discovered:
D:1:      tarquinn_simple_flora_water_b, layout_basic,
          hellmonk_ecumenical_altar_leap_of_faith

Action                   || total
-------------------------++-------
Melee: Falchion          ||    15
Invok: Bend Space        ||     2
Armor: Leather armour    ||     4
Dodge: Dodged            ||    12
